 Dungeon Crawl Stone Soup version 0.31.0-11-ge490571c62 (webtiles) character file.

Game seed: 1038863233472194202

30 qw the Shooter (level 3, -1/20 HPs)
             Began as a Deep Elf Hunter on Feb 3, 2024.
             Slain by a gnoll
             ... wielding a +0 spear
              (6 damage)
             ... on level 2 of the Dungeon.
             The game lasted 00:00:02 (646 turns).

qw the Shooter (Deep Elf Hunter)                     Turns: 646, Time: 00:00:03

Health: -1/20      AC:  5    Str: 10    XL:     3   Next: 3%
Magic:  5/5        EV: 11    Int: 13    God:
Gold:   64         SH:  0    Dex: 18    Spells: 2/2 levels left

rFire   . . .        a - +0 shortbow
rCold   . . .        (shield currently unavailable)
rNeg    . . .        g - +0 ring mail
rPois   .            (no helmet)
rElec   .            (no cloak)
rCorr   .            (no gloves)
SInv    .            (no boots)
Will    .....        (no amulet)
Stlth   +            (no ring)
HPRegen 0.23/turn    (no ring)
MPRegen 0.09/turn

%: no passive effects
@: no status effects
A: no striking features
a: no special abilities


You were on level 2 of the Dungeon.
You visited 1 branch of the dungeon, and saw 2 of its levels.

You collected 64 gold pieces.


   Skills:
 - Level 1.5 Fighting
 + Level 6.6 Ranged Weapons
 - Level 2.4 Dodging
 - Level 1.2 Stealth


You had 2 spell levels left.
You didn't know any spells.
Your spell library was empty.

Inventory:

Hand Weapons
 a - a +0 shortbow (weapon)
Armour
 g - a +0 ring mail (worn)
Scrolls
 b - a scroll of enchant armour {unknown}
Potions
 e - a potion of curing
 f - a potion of cancellation {unknown}

Dungeon Overview and Level Annotations

Branches:
Dungeon (2/15)

Altars:


Message History

Things that are here:
a +0 sling; a +0 club A ball python comes into view.
You shoot an arrow. The ball python hisses angrily.
The arrow hits the ball python.
You kill the ball python!
A gnoll comes into view. It is wielding a +0 spear.
The gnoll shouts!
A gnoll comes into view. It is wielding a +0 halberd.
You shoot an arrow. The arrow hits the gnoll.
The gnoll is moderately wounded.
You shoot an arrow. The arrow hits the gnoll.
The gnoll is severely wounded.
A gnoll comes into view.
It is wielding a +0 flail and quivering a throwing net.
The gnoll moves out of view.
You shoot an arrow. The arrow hits the gnoll.
The gnoll is almost dead.
You shoot an arrow. The arrow hits the gnoll.
The gnoll is heavily wounded.
A bat comes into view.
The gnoll barely misses you.
You shoot an arrow. The arrow closely misses the gnoll.
The arrow closely misses the bat.
The gnoll misses you.
The gnoll hits you from afar with a +0 halberd!
Enter note:
Enter note:
Enter note:
Enter note:
644 ||| RETREEEEATING.
You shoot an arrow. The arrow closely misses the gnoll.
The bat hits you but does no damage.
The gnoll hits you from afar with a +0 spear.
Enter note:
Enter note: You shoot an arrow.
The arrow hits the bat.
You kill the bat!
The gnoll hits you from afar with a +0 spear.
You die...

..... ..g.. .....##
g...... ....... ...g.##
#.g.# #.#.## ###.#@%##
#.......# #.......##
#........## ###.###......
########..........
#........###.......#
######..%.......#.......#
#...............#.......#


You could see 3 gnolls.

Vanquished Creatures
  An adder (D:2)
  A dart slug (D:2)
  A ribbon worm (D:2)
  A goblin (D:2)
  3 hobgoblins
  2 kobolds (D:1)
  4 ball pythons
  5 bats
18 creatures vanquished.

Notes
Turn   | Place    | Note
-------+----------+-------------------------------------------
     0 | D:1      | qw the Deep Elf Hunter began the quest for the Orb.
     0 | D:1      | Reached XP level 1. HP: 12/12 MP: 3/3
     0 | D:1      | 0 ||| qw: Version: 0.3-a-157-g843a77d
     0 | D:1      | 0 ||| qw: Game counter: 3981
     0 | D:1      | 0 ||| qw: Melee chars always use a shield: true
     0 | D:1      | 0 ||| qw: God list: Okawaru
     0 | D:1      | 0 ||| qw: Allow faded altars: false
     0 | D:1      | 0 ||| qw: Do Orc after clearing Dungeon:15 true
     0 | D:1      | 0 ||| qw: Do second Lair branch before Depths: true
     0 | D:1      | 0 ||| qw: Lair rune preference: random
     0 | D:1      | 0 ||| qw: Goals: Normal
     0 | D:1      | 0 ||| PLANNING D:1-11
   398 | D:1      | 398 ||| UPGRADING to +0 ring mail.
   408 | D:1      | 408 ||| DROPPING +0 leather armour.
   409 | D:1      | 409 ||| READING scroll labelled QITIFURURO.
   410 | D:1      | 410 ||| DRINKING 2 purple potions.
   411 | D:1      | 411 ||| DROPPING scroll of butterflies.
   425 | D:2      | Reached XP level 2. HP: 16/16 MP: 4/4
   512 | D:2      | Reached skill level 6 in Ranged Weapons
   563 | D:2      | 563 ||| FLEEEEING.
   564 | D:2      | 564 ||| FLEEEEING.
   566 | D:2      | 566 ||| FLEEEEING.
   567 | D:2      | 567 ||| FLEEEEING.
   569 | D:2      | 569 ||| FLEEEEING.
   570 | D:2      | 570 ||| FLEEEEING.
   612 | D:2      | Reached XP level 3. HP: 20/20 MP: 5/5
   644 | D:2      | 644 ||| RETREEEEATING.
   645 | D:2      | HP: 5/20 [gnoll/+0 spear (6)]
   646 | D:2      | Slain by a gnoll

Levels and vault maps discovered:
D:1:      wander_arrival_lonely_grave, layout_rooms
D:2:      layout_basic, serial_corexii_hall, corexii_hall_statues_x,
          corexii_hall_statues_s, uniq_crazy_yiuf_cottage

Skill      XL: |  1  2 |
---------------+-------+-----
Ranged Weapons | 6 |  6.6
Fighting       | |  1.5
Dodging        | |  2.4
Stealth        | |  1.2

Action                     || total
---------------------------++-------
   Fire: Shortbow          ||    46
    Use: Scroll            ||     1
         Potion            ||     1
 Armour: Leather armour    ||     1
         Ring mail         ||     6
  Dodge: Dodged            ||     6

Table legend:
 A = Non-vault XP
 B = Vault XP
 C = Vault XP percentage of total XP
 D = Non-vault monster count
 E = Vault monster count
 F = Vault count percentage of total count
                 A         B        C        D         E       F
            +---------+---------+-------+---------+---------+-------
      Total |      45 |       0 |   0.0 |      18 |       0 |   0.0
            +---------+---------+-------+---------+---------+-------
        D:1 |      11 |       0 |   0.0 |       8 |       0 |   0.0
        D:2 |      34 |       0 |   0.0 |      10 |       0 |   0.0
            +---------+---------+-------+---------+---------+-------
